 Dungeon Crawl Stone Soup version 0.30.0-13-g156ef70053 (webtiles) character file.

Game seed: 3970727933016455069

11 monsoonserge the Vexing (level 2, -1/23 HPs)
             Began as a Meteoran Hexslinger on May 17, 2023.
             Frozen to death by an endoplasm (2 damage)
             ... on level 1 of the Dungeon.
             The game lasted 00:00:59 (116 turns).

monsoonserge the Vexing (Meteoran Hexslinger)        Turns: 116, Time: 00:01:00

Health: -1/23      AC:  2    Str: 11    XL:     2   Next: 52%
Magic:  5/5        EV: 12    Int: 14    God:
Gold:   33         SH:  0    Dex: 14    Spells: 2/3 levels left

rFire   . . .        a - +1 sling
rCold   . . .        (no shield)
rNeg    . . .        c - +0 robe
rPois   .            (no helmet)
rElec   .            (no cloak)
rCorr   .            (no gloves)
SInv    .            (no boots)
Will    .....        (no amulet)
Stlth   +            (no ring)
HPRegen 0.23/turn    (no ring)
MPRegen 0.09/turn

%: no passive effects
@: glowing
A: sense surroundings 1, otherworldly, glowing, explore regen
a: no special abilities


You were on level 1 of the Dungeon.
You visited 1 branch of the dungeon, and saw 1 of its levels.

You collected 33 gold pieces.

Inventory:

Hand Weapons
 a - a +1 sling (weapon)
Armour
 c - a +0 robe (worn)
Scrolls
 b - a scroll of poison
 d - 2 scrolls of identify {unknown}
 e - a scroll of teleportation {unknown}
Potions
 f - a potion of attraction {unknown}


   Skills:
 + Level 1.2 Fighting
 + Level 2.4 Ranged Weapons
 + Level 2.4 Dodging
 + Level 1.4 Spellcasting
 + Level 4.1 Hexes


You had 2 spell levels left.
You knew the following spells:

 Your Spells              Type           Power      Damage    Failure   Level
a - Slow                  Hex            48%        N/A       4%          1

Your spell library contained the following spells:

 Spells                   Type           Power      Damage    Failure   Level
 Inner Flame              Hex/Fire       6%         N/A       32%         3
 Portal Projectile        Hex/Tloc       12%        N/A       32%         3
 Cause Fear               Hex            6%         N/A       41%         4


Dungeon Overview and Level Annotations

Branches:
Dungeon (1/15) Zot: 475

Altars:


Innate Abilities, Weirdness & Mutations

You passively map a small area around you.
You are easily found by Zot.
You glow in the dark.
You regain HP and MP as you explore.


Message History

The jackal barely misses you.
Unknown command.
You shoot a sling bullet.
The sling bullet closely misses the jackal. x2
The jackal completely misses you. The endoplasm hits you.
The goblin misses you.
You shoot a sling bullet. The sling bullet misses the jackal.
The sling bullet hits the jackal.
The jackal is moderately wounded.
The jackal bites you.
* * * LOW HITPOINT WARNING * * *
The endoplasm freezes you.
You are frozen.
* * * LOW HITPOINT WARNING * * *
The goblin hits you with a +0 club.
* * * LOW HITPOINT WARNING * * *
The jackal barely misses you.
You shoot a sling bullet. The sling bullet hits the jackal.
You kill the jackal!
The endoplasm hits you but does no damage.
The goblin closely misses you.
The jackal bites you but does no damage.
The endoplasm barely misses you. The goblin closely misses you.
Unknown command.
You shoot a sling bullet.
The sling bullet hits the jackal but does no damage.
The jackal is moderately wounded.
The jackal bites you but does no damage.
The endoplasm hits you.
* * * LOW HITPOINT WARNING * * *
The goblin hits you with a +0 club.
* * * LOW HITPOINT WARNING * * *
You shoot a sling bullet.
The sling bullet barely misses the jackal.
The jackal bites you but does no damage.
The jackal bites you.
* * * LOW HITPOINT WARNING * * *
The endoplasm freezes you.
You are frozen.
You die...

#....# ** * ##...#
, * * .... , ,
.##..#** ### ...
..#..# * #... ... *
, 8.#..# *, ..# ..*
..#..# * #.##.# *
.., .##..# #..[.
##..# ##..
###.Jh#....# , #...
##...#@g.#..( ....
* #..#.........# ,
....
######....#..####.#
....##...........##
#####........#####
, ##.....### ,
####.....# , ,
###..(...### ,
#...#.####


You could see an endoplasm, a jackal and a goblin.

Vanquished Creatures
  A dart slug (D:1)
  A ball python (D:1)
  A bat (D:1)
  A goblin (D:1)
  2 jackals (D:1)
  A quokka (D:1)
7 creatures vanquished.

Notes
Turn   | Place    | Note
-------+----------+-------------------------------------------
     0 | D:1      | monsoonserge the Meteoran Hexslinger began the quest for
                  | the Orb.
     0 | D:1      | Reached XP level 1. HP: 16/16 MP: 3/3
    77 | D:1      | Reached skill level 4 in Hexes
    77 | D:1      | Reached XP level 2. HP: 11/23 MP: 0/5
   115 | D:1      | HP: 1/23 [goblin/+0 club (1)]
   116 | D:1      | Frozen to death by an endoplasm

Illustrated notes

Levels and vault maps discovered:
D:1:      giann_horns, layout_rooms, hangedman_decor_peaks_small

Skill      XL: |  1 |
---------------+----+-----
Hexes          | 4 |  4.1
Fighting       | |  1.2
Ranged Weapons | |  2.4
Dodging        | |  2.4
Spellcasting   | |  1.4

Action                     || total
---------------------------++-------
   Fire: Sling             ||    26
   Cast: Slow              ||     3
 Armour: Robe              ||    12
  Dodge: Dodged            ||    18
